 Dungeon Crawl Stone Soup version 0.28-a0-390-gb254ac4902 (webtiles) character file.

Game seed: 6853905499052522294

40 Goblin1989 the Chopper (level 3, -2/29 HPs)
             Began as a Demonspawn Cinder Acolyte on Sept 3, 2021.
             Was a High Priest of Ignis.
             Slain by a gnoll (5 damage)
             ... on level 2 of the Dungeon.
             The game lasted 00:02:56 (2084 turns).

Goblin1989 the Chopper (Demonspawn Cinder Acolyte)  Turns: 2084, Time: 00:02:57

Health: -2/29      AC:  6    Str: 15    XL:     3   Next: 30%
Magic:  4/4        EV:  5    Int: 15    God:    Ignis [*****.]
Gold:   48         SH:  9    Dex:  8    Spells: 4/4 levels left

rFire   + . .      SeeInvis .   a - -1 hand axe (flame)
rCold   . . .      Faith    .   e - +0 tower shield
rNeg    . . .      Spirit   .   g - +0 ring mail
rPois   .          Reflect  .   (no helmet)
rElec   .          Harm     .   (no cloak)
rCorr   .          Rampage  .   c - +0 pair of gloves
Will    .....                   (no boots)
Stlth   ..........              (no amulet)
HPRegen 0.09/turn               (no ring)
MPRegen 0.09/turn               (no ring)

@: no status effects
A: powered by death 1
a: Renounce Religion, Sea of Fire, Foxfire Swarm, Rising Flame


You were on level 2 of the Dungeon.
You worshipped Ignis.
Ignis was extremely pleased with you.
You visited 1 branch of the dungeon, and saw 2 of its levels.

You collected 48 gold pieces.

Inventory:

Hand Weapons
 a - a -1 hand axe of flaming (weapon)
 h - a +0 dagger of venom
Armour
 c - a +0 pair of gloves (worn)
 e - a +0 tower shield (worn)
 g - a +0 ring mail (worn)
Scrolls
 d - a scroll of teleportation {unknown}
 i - a scroll of identify {unknown}
Potions
 f - a potion of magic {unknown}
 j - a potion of might {unknown}


   Skills:
 + Level 3.0 Fighting
 * Level 3.7 Axes
 * Level 0.5 Armour
 + Level 0.2 Dodging
 + Level 0.3 Shields
 - Level 1.0 Spellcasting
 - Level 2.6 Fire Magic


You had 4 spell levels left.
You didn't know any spells.
Your spell library contained the following spells:

 Spells                   Type           Power      Damage    Failure   Level
 Scorch                   Fire           16%        2d5       99%         2
 Beastly Appendage        Tmut           0%         N/A       100%        1
 Wereblood                Tmut           0%         N/A       100%        2
 Spider Form              Tmut/Pois      0%         N/A       100%        3
 Conjure Ball Lightning   Conj/Air       0%         3x3d6     100%        6
 Discord                  Hex            0%         N/A       100%        8
 Disjunction              Tloc           0%         N/A       100%        8


Dungeon Overview and Level Annotations

Branches:
Dungeon (2/15)

Altars:
Cheibriados


Innate Abilities, Weirdness & Mutations

You regenerate a little health from kills.


Message History

You take 5 damage, and have 17/29 hp.
Your shield and ring mail prevent you from hitting the adder.
The adder is almost dead.
You feel sick.
The frilled lizard hisses angrily.
You block the adder's attack. The adder barely misses you.
You take 2 damage, and have 15/29 hp.
You feel sick. The adder bites you but does no damage.
You block the adder's attack.
You take 1 damage, and have 14/29 hp.
You feel sick.
You are no longer poisoned.
You take 1 damage, and have 13/29 hp.
The gnoll hits you but does no damage. You block the adder's attack.
The adder bites you.
* * * LOW HITPOINT WARNING * * *
You take 4 damage, and have 10/29 hp.
You block the adder's attack. The adder bites you but does no damage.
There is a stone staircase leading up here.
You block the adder's attack. The adder bites you but does no damage.
You climb upwards.
There is a stone staircase leading down here.
You closely miss the adder.
The adder is almost dead.
The adder completely misses you. You block the adder's attack.
You hit the adder but do no damage.
The adder is almost dead.
The adder bites you but does no damage. The adder completely misses you.
You hit the adder. You burn the adder.
You kill the adder!
You start resting.
HP restored.
Health restored: 29 You see here an adder corpse.
There is a stone staircase leading down here.
You climb downwards.
There is a stone staircase leading up here.
Unknown command.
You open the door.
There is an open door here.
j - a cyan potion
Found a snail-covered altar of Cheibriados.
There are monsters nearby!
A ball python comes into view.
Found 6 gold pieces.
The ball python hisses angrily.
The gnoll shouts!
You hear an angry hiss.
Unknown command.
The ball python barely misses you. You block the ball python's attack.
You barely miss the ball python.
The ball python bites you but does no damage.
You block the ball python's attack. The ball python barely misses you.
The ball python grabs you. The ball python constricts you.
You hit the ball python. You burn the ball python.
You kill the ball python!
The gnoll hits you but does no damage.
You hit the gnoll but do no damage.
The gnoll hits you from afar with a +0 spear.
The gnoll hits you with a +0 club. You block the gnoll's attack.
You take 7 damage, and have 22/29 hp.
MASSIVE DAMAGE!!
You hit the gnoll. You burn the gnoll.
The gnoll is moderately wounded.
The gnoll barely misses you. x2; The gnoll hits you with a +0 club.
You block the gnoll's attack.
You take 5 damage, and have 17/29 hp.
You are too injured to fight recklessly!
You are too injured to fight recklessly!
You are too injured to fight recklessly!
You are too injured to fight recklessly!
You are too injured to fight recklessly!
You are too injured to fight recklessly!
You are too injured to fight recklessly!
You are too injured to fight recklessly!
You are too injured to fight recklessly!
You are too injured to fight recklessly!
You are too injured to fight recklessly!
You are too injured to fight recklessly!
You are too injured to fight recklessly!
You are too injured to fight recklessly!
You are too injured to fight recklessly!
You are too injured to fight recklessly!
You are too injured to fight recklessly!
You are too injured to fight recklessly!
Unknown command.
You hit the gnoll. You burn the gnoll.
The gnoll is severely wounded.
You block the gnoll's attack.
The gnoll hits you from afar with a +0 spear.
You take 3 damage, and have 14/29 hp.
Your shield prevents you from hitting the gnoll.
The gnoll is severely wounded.
The gnoll hits you with a +0 club.
* * * LOW HITPOINT WARNING * * *
The gnoll hits you from afar with a +0 spear!
* * * LOW HITPOINT WARNING * * *
You block the gnoll's attack.
The gnoll hits you from afar with a +0 spear.
You die...

█...██<....
█..........
███████∆███...█. .
█.............█ ..
█.█████.██...... ...
█.█ █.██...... ....
█.█ ..██......
.....██████.█
..........
.█.....^.....g@..█
..█████..█
.█........██g█████
█.██
....................
............g..█████
.... .......⌂..S.
.(██.............█
██.....████........█
.g█ .... g.........
..█.█...
...█.████.█$


You could see 2 gnolls.

Vanquished Creatures
  An adder (D:1)
  A worm (D:2)
  4 endoplasms (D:1)
  2 goblins (D:1)
  2 hobgoblins (D:1)
  A quokka (D:2)
  6 ball pythons
  2 bats
  A frilled lizard (D:1)
  4 kobolds
  4 rats
28 creatures vanquished.

Notes
Turn   | Place    | Note
-------+----------+-------------------------------------------
     0 | D:1      | Goblin1989 the Demonspawn Cinder Acolyte began the quest
                  | for the Orb.
     0 | D:1      | Reached XP level 1. HP: 18/18 MP: 2/2
   401 | D:1      | Gained mutation: You regenerate a little health from kills.
                  | [demonic ancestry]
   401 | D:1      | Reached XP level 2. HP: 21/24 MP: 3/3
  1444 | D:2      | Found a faded altar of an unknown god.
  1484 | D:2      | Reached XP level 3. HP: 9/29 MP: 4/4
  2073 | D:2      | Found a snail-covered altar of Cheibriados.
  2084 | D:2      | Slain by a gnoll

Illustrated notes

Levels and vault maps discovered:
D:1:      evilmike_arrival_hilbert_curve, layout_basic, minmay_tetromino_s2
D:2:      layout_basic, shapermc_ecumenical_altar_starsandcircs, basic_altar,
          uniq_robin

Skill      XL: |  1 |
---------------+----+-----
Axes           | 3 |  3.7
Fighting       | |  3.0
Armour         | |  0.5
Dodging        | |  0.2
Shields        | |  0.3
Spellcasting   | |  1.0
Fire Magic     | |  2.6

Action                   || total
-------------------------++-------
Melee: Hand axe          ||    88
Armor: Robe              ||     9
       Ring mail         ||    24
Dodge: Dodged            ||    33
Block: Tower shield      ||    28

Table legend: (Time is in decaauts)
 A = Elapsed time spent in this place.
 B = Non-inter-level travel time spent in this place.
 C = Inter-level travel time spent in this place.
 D = Time resting spent in this place.
 E = Time spent auto-exploring this place.
 F = Levels seen in this place.
 G = Mean time per level.
                   A        B        C        D        E       F      G
               +--------+--------+--------+--------+--------+-----+--------+
         Total |   2119 |   1994 |    125 |    191 |   1506 |   2 | 1059.5 |
       Dungeon |   2119 |   1994 |    125 |    191 |   1506 |   2 | 1059.5 |
               +--------+--------+--------+--------+--------+-----+--------+

Top non-repeatable levels by time:
     D:1: 1651 daAuts
     D:2: 467 daAuts
